 Dungeon Crawl Stone Soup version 0.31.0-11-ge490571c62 (webtiles) character file.

Game seed: 17463781617509247580

198 sanka the Cudgeller (level 5, 0/46 HPs)
             Began as a Minotaur Fighter on Jan 27, 2024.
             Constricted to death by Ijyb (2 damage)
             ... on level 3 of the Dungeon.
             The game lasted 00:02:33 (2071 turns).

sanka the Cudgeller (Minotaur Fighter)              Turns: 2071, Time: 00:02:34

Health: 0/46       AC:  6    Str: 21    XL:     5   Next: 47%
Magic:  4/4        EV:  6    Int:  5    God:
Gold:   131        SH:  4    Dex: 11    Spells: 4/4 levels left

rFire   . . .        a - +0 flail
rCold   . . .        c - +0 buckler
rNeg    . . .        b - +0 scale mail
rPois   +            (helmet restricted)
rElec   .            (no cloak)
rCorr   .            (no gloves)
SInv    .            (no boots)
Will    .....        (no amulet) Stlth
                     o - ring of poison resistance
HPRegen 0.27/turn    (no ring)
MPRegen 0.09/turn

%: no passive effects
@: mighty, grasped by roots, constricted
A: horns 2, retaliatory headbutt
a: no special abilities


You were on level 3 of the Dungeon.
You visited 1 branch of the dungeon, and saw 3 of its levels.

You collected 131 gold pieces.


Innate Abilities, Weirdness & Mutations

You have a pair of horns on your head.
You reflexively headbutt those who attack you in melee.


   Skills:
 - Level 4.0 Fighting
 + Level 6.8 Maces & Flails
 - Level 3.6 Armour
 - Level 3.6 Shields


You had 4 spell levels left.
You didn't know any spells.
Your spell library contained the following spells:

 Spells                   Type           Power      Damage    Failure   Level
 Call Canine Familiar     Summ           0%         N/A       99%         3
 Sigil of Binding         Hex            0%         N/A       99%         3
 Dimensional Bullseye     Hex/Tloc       0%         N/A       100%        4

Inventory:

Hand Weapons
 a - a +0 flail (weapon)
Missiles
 g - 5 javelins (quivered)
Armour
 b - a +0 scale mail (worn)
 c - a +0 buckler (worn)
Jewellery
 o - a ring of poison resistance (left hand)
Talismans
 m - a beast talisman
Scrolls
 e - 2 scrolls of fog {unknown}
 f - a scroll of teleportation {unknown}
 h - a scroll of amnesia {unknown}
 i - a scroll of poison {unknown}
 j - a scroll of immolation {unknown}
 n - 2 scrolls of identify {unknown}
 p - a scroll of blinking {unknown}
 r - a scroll of noise {unknown}
 u - a scroll of vulnerability {unknown}
Potions
 d - 5 potions of might
 k - a potion of enlightenment {unknown}
 l - a potion of lignification {unknown}
 q - a potion of curing {unknown}
 s - a potion of attraction {unknown}
 t - a potion of degeneration {unknown}

Dungeon Overview and Level Annotations

Branches:
Dungeon (3/15)

Altars:

Annotations:
D:3 Ijyb

▒▒▒..▒ ▒....▒ ▒▒▒▒▒▒.
.▒. ▒.▒▒.▒▒▒...... ▒.▒.
▒▒ ▒.▒▒..▒▒....▒ ..▒.▒
.▒▒▒▒.▒.........▒ ...▒.
........▒..▒....▒ .....▒
.▒▒....▒▒▒..▒▒.▒ ▒.!..
.......▒▒▒▒.▒▒.▒▒..▒▒...
................Hg......
.................J......
▒)▒▒▒▒▒▒▒▒▒▒▒.....▒▒▒▒..
.......... ▒..▒▒▒▒
...▒▒▒▒... ▒..▒ ...▒
▒... ...▒▒▒▒▒▒ ▒....
........▒ ▒<...▒
...▒....▒ .▒.▒...


You could see Ijyb and an endoplasm.


Message History

The grasping roots constrict you.
* * * LOW HITPOINT WARNING * * *
The endoplasm hits you.
* * * LOW HITPOINT WARNING * * *
You completely miss Ijyb.
Ijyb is severely wounded.
Ijyb completely misses you. The grasping roots constrict you.
* * * LOW HITPOINT WARNING * * *
The endoplasm freezes you.
You are frozen.
* * * LOW HITPOINT WARNING * * *
The grasping roots release their grip on you.
You feel very mighty all of a sudden.
Ijyb zaps a wand.
The roots erupt in riotous growth!
The grasping roots grab you!
Ijyb is unaffected.
The endoplasm is unaffected.
The grasping roots constrict you.
* * * LOW HITPOINT WARNING * * *
The endoplasm hits you but does no damage.
You hear a shout!
You closely miss Ijyb.
Ijyb is severely wounded.
Ijyb barely misses you. You furiously retaliate!
You headbutt Ijyb. The grasping roots constrict you.
You die...

Action                     |  1- 3 |  4- 6 || total
---------------------------+-------+-------++-------
  Melee: Flail             |   106 |    63 ||   169
         Headbutt          |     7 |    10 ||    17
    Use: Potion            |       |     1 ||     1
 Armour: Scale mail        |    73 |    51 ||   124
  Dodge: Dodged            |    72 |    31 ||   103
  Block: Buckler           |    27 |    15 ||    42

Levels and vault maps discovered:
D:1:      dpeg_arrival_solitude, layout_loops_ring
D:2:      layout_loops_corners
D:3:      minmay_recursive_quarters, layout_rooms,
          nicolae_overflow_hallway_of_the_gods,
          hellmonk_ecumenical_altar_crossroads, nicolae_the_louvre,
          uniq_terence, uniq_robin, uniq_ijyb, uniq_natasha

Notes
Turn   | Place    | Note
-------+----------+-------------------------------------------
     0 | D:1      | sanka the Minotaur Fighter began the quest for the Orb.
     0 | D:1      | Reached XP level 1. HP: 19/19 MP: 0/0
    64 | D:1      | Reached skill level 4 in Fighting
    64 | D:1      | Reached skill level 3 in Maces & Flails
    64 | D:1      | Reached XP level 2. HP: 26/27 MP: 1/1
   399 | D:1      | Reached skill level 4 in Maces & Flails
   402 | D:1      | Reached XP level 3. HP: 33/33 MP: 2/2
  1617 | D:3      | Noticed Robin
  1631 | D:3      | Reached skill level 5 in Maces & Flails
  1637 | D:3      | Reached XP level 4. HP: 12/40 MP: 3/3
  1651 | D:3      | Killed Robin
  1786 | D:3      | Noticed Natasha
  1795 | D:3      | Killed Natasha
  1911 | D:3      | Noticed Natasha
  1930 | D:3      | Killed Natasha
  1931 | D:3      | Reached skill level 6 in Maces & Flails
  1931 | D:3      | Reached XP level 5. HP: 24/46 MP: 4/4
  2025 | D:3      | Noticed Natasha
  2027 | D:3      | Noticed Terence
  2030 | D:3      | Killed Natasha
  2034 | D:3      | Killed Terence
  2053 | D:3      | Noticed Ijyb
  2070 | D:3      | HP: 2/46 [constriction (4)]
  2071 | D:3      | Constricted to death by Ijyb

Vanquished Creatures
  Natasha (thrice) (D:3)
  Terence (D:3)
  Robin (D:3)
  A gnoll (D:1)
  An adder (D:3)
  A dart slug (D:1)
  A ribbon worm (D:2)
  3 endoplasms
  2 giant cockroaches
  13 goblins
  9 hobgoblins
  2 jackals (D:1)
  3 quokkas (D:1)
  4 ball pythons
  6 bats
  3 frilled lizards
  4 kobolds
  6 rats
64 creatures vanquished.
